[Event "Early-Titled-Tuesday-Blitz-April-23-2024"]
[Site "Chess.com"]
[Date "2024.04.23"]
[Round "4"]
[White "Navyblue1"]
[Black "Kyrko_Gamba"]
[Result "1/2-1/2"]
[WhiteElo "2233"]
[BlackElo "2428"]
[TimeControl "180+1"]
[EndTime "8:39:31 PDT"]
[Termination "Game drawn by repetition"]

1. d4 Nf6 2. c4 b6 3. Nf3 Bb7 4. g3 e6 5. Bg2 Bb4+ 6. Bd2 Be7 7.
O-O O-O 8. Nc3 c5 9. dxc5 Bxc5 10.
a3 d5 11. cxd5 Nxd5 12. Nxd5 Bxd5 13. Bc3 Nd7 14. Qd2 Nf6 15. b4 Ne4 16. Qb2 Nxc3 17.
Qxc3 Be7 18. Rac1 Rc8 19. Qd3 a5 20. Qb5 axb4 21. axb4 Rxc1 22. Rxc1 Qd6 23. Rb1 Be4 24. Rc1 Qxb4 25. Qxb4 Bxb4 26. Nd4 Bxg2 27. Kxg2 g6 28. Rc6 Rd8 29. Nb3 Rd6 30. Rc4 Be1 31. Rc1 Bb4 32. Rc4 Bd2 33. e3 Kg7 34. Rc2 Bb4 35. Rc4 Ba5 36. Ra4 Rd5 37. Nxa5 bxa5 38. Rc4 Rb5 39.
Rc8 Rb4 40. Ra8 a4 41. Ra5 h6 42. h4 Kf6 43. Kf3 g5 44. hxg5+ hxg5 45. g4 Kg6 46. Kg3 Re4 47. Kf3 Rb4 48. Kg3 Kf6 49. Kf3 Kg6 1/2-1/2

[Event "Early-Titled-Tuesday-Blitz-April-23-2024"]
[Site "Chess.com"]
[Date "2024.04.23"]
[Round "4"]
[White "MrVenky"]
[Black "familijatop71"]
[Result "1-0"]
[WhiteElo "2525"]
[BlackElo "2306"]
[TimeControl "180+1"]
[EndTime "8:39:32 PDT"]
[Termination "MrVenky won by resignation"]

1. Nf3 d5 2. g3 Nf6 3. Bg2 e6 4. d3 Be7 5. O-O O-O 6. Nbd2 c5 7. e4 Nc6 8. Re1 b5 9. e5 Nd7 10. Nf1 a5 11. h4 b4 12. N1h2 a4 13. a3 bxa3 14. bxa3 Ba6 15. Bf4 c4 16. d4 c3 17. Ng5 Qe8 18. Re3 Nb6 19. Rxc3 Nc4 20. Qd3 Bxg5 21. hxg5 N4xe5 22. Qe3 Nc4 23. Rxc4 Bxc4 24.
Ng4 Ne7 25. Be5 Ng6 26. Bd6 Qb5 27. Bxf8 Rxf8 28. Bf3 Qb2 29. Rc1 Rc8 30. Kg2 Ba6 31. Nf6+ gxf6 32. gxf6 Kf8 33. Rh1 Qxc2 34. Qh6+ Ke8 35.
Qxh7 Be2 36. Qg8+ Nf8 37. Qxf8+ Kd7 38. Qxf7+ Kc6 39. Qxe6+ Kb5 40. Qxe2+ 1-0

[Event "Early-Titled-Tuesday-Blitz-April-23-2024"]
[Site "Chess.com"]
[Date "2024.04.23"]
[Round "4"]
[White "viktorskliarov"]
[Black "vladislavkovalev"]
[Result "0-1"]
[WhiteElo "2608"]
[BlackElo "2855"]
[TimeControl "180+1"]
[EndTime "8:39:33 PDT"]
[Termination "vladislavkovalev won by checkmate"]

1. e4 e5 2. Nc3 Nf6 3. Bc4 Bb4 4.
Nge2 d6 5. a3 Ba5 6. d3 c6 7.
O-O h6 8. b4 Bb6 9. d4 Nbd7 10.
h3 exd4 11. Nxd4 Ne5 12. Bb3 g5 13. Be3 g4 14. h4 Nh5 15. g3 Qf6 16. Nce2 Qg6 17.
Nf5 Bxf5 18. exf5 Qf6 19. Bxb6 axb6 20. Nd4 O-O 21. c3 Rfe8 22. Bc2 d5 23. Kg2 Rad8 24. a4 c5 25. Nb5 Qc6 26. Kh2 Nf3+ 27. Kh1 d4 28.
Na7 Qd5 29. c4 Qxc4 30. Bb3 Qe2 31. Qxe2 Rxe2 32. Bd1 d3 33. bxc5 bxc5 34. Nb5 Nxg3+ 35. Kg2 Nxf1 36. Kxf1 Re1+ 37. Kg2 Rg1# 0-1

[Event "Early-Titled-Tuesday-Blitz-April-23-2024"]
[Site "Chess.com"]
[Date "2024.04.23"]
[Round "4"]
[White "KanalSzachowy"]
[Black "MKlose11"]
[Result "1-0"]
[WhiteElo "2425"]
[BlackElo "2598"]
[TimeControl "180+1"]
[EndTime "8:39:33 PDT"]
[Termination "KanalSzachowy won by resignation"]

1. e4 e6 2. Nf3 d5 3. e5 c5 4.
g3 Nc6 5. Bg2 Qc7 6. O-O Nxe5 7.
Nxe5 Qxe5 8. Re1 Qd6 9. d4 Nf6 10. Bf4 Qb6 11. dxc5 Bxc5 12. Qd2 O-O 13. Nc3 Bd7 14.
a3 Rac8 15. h3 Qxb2 16. Be5 Qb6 17. Rab1 Qc6 18. Bxf6 gxf6 19. Ne2 Bd6 20. Qh6 Qxc2 21. Rxb7 Bc6 22. Rxa7 Qg6 23. Qd2 Ra8 24. Rxa8 Rxa8 25.
Rc1 Bb5 26. Bxd5 Rxa3 27. Bc4 Bxc4 28. Qxd6 Qd3 29. Qe7 Ra2 30. Qxf6 Rxe2 31. Qg5+ Kf8 32. Qc5+ Kg7 33. Rxc4 h6 34. Rg4+ Kh7 35. Qc1 Qd2 36.
Qb1+ Qc2 37. Qa1 Rxf2 1-0

[Event "Early-Titled-Tuesday-Blitz-April-23-2024"]
[Site "Chess.com"]
[Date "2024.04.23"]
[Round "4"]
[White "Moultino06"]
[Black "Orest_Vovk"]
[Result "1-0"]
[WhiteElo "2754"]
[BlackElo "2546"]
[TimeControl "180+1"]
[EndTime "8:39:34 PDT"]
[Termination "Moultino06 won by resignation"]

1. e4 g5 2. d4 g4 3. Qxg4 d5 4. Qh4 dxe4 5. Qxe4 Nf6 6. Qd3 Nc6 7. Nf3 Bg4 8. c3 Qd5 9. Be2 O-O-O 10. h3 Bf5 11. Qb5 Rg8 12. Qxd5 Nxd5 13. g3 f6 14. Nh4 Be4 15.
Bf3 Bxf3 16. Nxf3 e5 17. dxe5 fxe5 18. Nbd2 Bc5 19. Ne4 Rdf8 20. Ke2 Bb6 21. Bh6 Rf7 22. Rad1 Nf6 23. Nfg5 Nxe4 24. Nxe4 Ne7 25. Bg5 Rxg5 26. Nxg5 Rxf2+ 27. Kd3 h6 28. Ne4 Rxb2 29. Rhf1 Rxa2 30. Kc4 Ng6 31. Kb3 Re2 32. Rf6 Rxe4 33. Rxg6 c6 34. Rxh6 Re3 35. Rh8+ Kc7 36. Rh7+ Kc8 37.
Rf1 Bc5 38. Rff7 b5 39. Rh8+ 1-0

[Event "Early-Titled-Tuesday-Blitz-April-23-2024"]
[Site "Chess.com"]
[Date "2024.04.23"]
[Round "4"]
[White "KorolDimitriy75"]
[Black "aanshnerurkar"]
[Result "1-0"]
[WhiteElo "2334"]
[BlackElo "2398"]
[TimeControl "180+1"]
[EndTime "8:39:34 PDT"]
[Termination "KorolDimitriy75 won on time"]

1. d4 Nf6 2. c4 e6 3. Nc3 Bb4 4. Qc2 O-O 5. e4 d6 6. e5 dxe5 7. dxe5 Nfd7 8. Nf3 Nc6 9. Bf4 Qe7 10. O-O-O a5 11.
h4 h6 12. Be2 a4 13. g4 Nc5 14.
h5 f6 15. exf6 Qxf6 16. Be3 a3 17. Nb5 axb2+ 18. Kb1 Na4 19. g5 hxg5 20. Bxg5 Qf5 21. Nfd4 Qxc2+ 22. Nxc2 Nc3+ 23. Nxc3 1-0

[Event "Early-Titled-Tuesday-Blitz-April-23-2024"]
[Site "Chess.com"]
[Date "2024.04.23"]
[Round "4"]
[White "MVM2008"]
[Black "Korchmar_Vasiliy"]
[Result "1-0"]
[WhiteElo "2504"]
[BlackElo "2699"]
[TimeControl "180+1"]
[EndTime "8:39:35 PDT"]
[Termination "MVM2008 won by resignation"]

1. e4 c5 2. Nf3 d6 3. d4 cxd4 4. Nxd4 Nf6 5. Nc3 e5 6. Nf3 Be7 7. Bc4 O-O 8. Bg5 Be6 9. Nd5 Bxd5 10. exd5 e4 11. Nd2 Nbd7 12. O-O Nb6 13. Bxf6 Bxf6 14. Qe2 Bxb2 15. Rab1 Be5 16. Qxe4 Rc8 17. Bd3 g6 18. Nf3 Bg7 19. a4 Nd7 20. Qf4 Nc5 21. Rfd1 Re8 22. h4 Qf6 23. Qg4 Re7 24. Qxc8+ Bf8 25. Qg4 h5 26.
Qg5 Qc3 27. Re1 Rc7 28. Re8 Nd7 29. Rbe1 a6 30. Qd8 Kg7 31. Ng5 Ne5 32. R1xe5 dxe5 33. Rxf8 Qe1+ 34. Bf1 Qxf2+ 35. Kxf2 1-0

[Event "Early-Titled-Tuesday-Blitz-April-23-2024"]
[Site "Chess.com"]
[Date "2024.04.23"]
[Round "4"]
[White "manitodeplomo"]
[Black "alexrustemov"]
[Result "0-1"]
[WhiteElo "2639"]
[BlackElo "2868"]
[TimeControl "180+1"]
[EndTime "8:39:36 PDT"]
[Termination "alexrustemov won by resignation"]

1. d4 d5 2. c4 dxc4 3. Nf3 Nf6 4. e3 e6 5. Bxc4 c5 6. Nc3 a6 7. O-O b5 8. Bb3 Bb7 9. Re1 Nbd7 10. e4 c4 11. Bc2 Be7 12. d5 e5 13. d6 Bf8 14.
Bg5 Qb8 15. Bxf6 Nxf6 16. Nxe5 Bxd6 17. Nf3 O-O 18. e5 Bxf3 19. Qxd6 Qxd6 20. exd6 Bc6 21.
Rad1 Rfd8 22. Rd4 g6 23. Red1 Ra7 24. Be4 Nxe4 25. Nxe4 Bxe4 26. Rxe4 Rad7 27. Red4 Kg7 28. f4 Kf6 29. Kf2 Ke6 30. Re4+ Kf6 31. Red4 Rc8 32. Ke3 Rc6 33. g4 Ke6 34. Re4+ Kf6 35. g5+ Kg7 36.
Red4 f5 37. h4 Kf7 38. Kf3 c3 39. bxc3 Rxc3+ 40. Ke2 Rc2+ 41. R1d2 Rxd2+ 42. Kxd2 Ke6 43. Kc3 Rxd6 44. Rxd6+ Kxd6 45. Kb4 Kc6 46. Ka5 Kb7 47. a4 bxa4 48. Kxa4 Kc6 49. Kb4 Kd5 0-1

[Event "Early-Titled-Tuesday-Blitz-April-23-2024"]
[Site "Chess.com"]
[Date "2024.04.23"]
[Round "4"]
[White "tetrix83"]
[Black "Road2GM3000"]
[Result "1-0"]
[WhiteElo "2626"]
[BlackElo "2421"]
[TimeControl "180+1"]
[EndTime "8:39:36 PDT"]
[Termination "tetrix83 won by resignation"]

1. e4 c5 2. Nf3 d6 3. Bc4 Nf6 4. Qe2 e6 5. O-O Be7 6. Bb3 O-O 7. c3 Nc6 8. d3 b6 9. Bf4 e5 10. Bg5 Be6 11. Nbd2 h6 12. Bxf6 Bxf6 13. Nc4 b5 14. Ne3 Na5 15. Bd5 Rc8 16. Rfc1 c4 17. dxc4 Nxc4 18. Bxc4 bxc4 19. Rd1 Qb6 20. Rd2 Be7 21. Nd5 Bxd5 22. Rxd5 Rb8 23. Rd2 Rb7 24. Qxc4 Rfb8 25.
g3 Qa5 26. Rd5 Qd8 27. b3 Rc8 28. Qd3 Qb6 29. c4 a5 30. Rb5 Qa7 31. a4 Rxb5 32. axb5 Qb6 33. Kg2 Bd8 34. Ne1 Qc5 35. Qe3 Qb4 36.
Nc2 Qc5 37. Qxc5 dxc5 38. Rd1 Bc7 39. Ne3 Rd8 40. Rxd8+ Bxd8 41. Nd5 Kf8 42. b6 Ke8 43. b7 1-0

[Event "Early-Titled-Tuesday-Blitz-April-23-2024"]
[Site "Chess.com"]
[Date "2024.04.23"]
[Round "4"]
[White "Incognito_Knight"]
[Black "Barath1308"]
[Result "1-0"]
[WhiteElo "2735"]
[BlackElo "2529"]
[TimeControl "180+1"]
[EndTime "8:39:38 PDT"]
[Termination "Incognito_Knight won by resignation"]

1. e4 d6 2. d4 Nf6 3. Nc3 e5 4.
Nf3 Nbd7 5. a4 c6 6. Bc4 Be7 7. O-O O-O 8. Re1 Qc7 9. h3 Re8 10. Bg5 h6 11. Bh4 Nf8 12. a5 Ng6 13. Bg3 Nh5 14.
Nxe5 Nxe5 15. Bxe5 dxe5 16. Qxh5 Bf6 17. d5 cxd5 18.
Bxd5 a6 19. Bb3 Be6 20. Nd5 Bxd5 21. Bxd5 Re7 22. c4 Rd8 23. b4 b6 24. b5 bxa5 25. bxa6 Qb6 26. Bb7 Rd2 27. Rf1 Rc7 28. Rab1 Qa7 29.
Bd5 Qxa6 30. Rb8+ Rc8 31. Bb7 Rxb8 32. Bxa6 a4 33. c5 Rc2 34. Qd1 Rbb2 35. Qd5 Bh4 36. Bc4 Bxf2+ 37. Kh1 Rxc4 38. Qxc4 a3 39. c6 a2 40. c7 1-0

[Event "Early-Titled-Tuesday-Blitz-April-23-2024"]
[Site "Chess.com"]
[Date "2024.04.23"]
[Round "4"]
[White "RandomNoob04"]
[Black "Kotofeyca"]
[Result "1-0"]
[WhiteElo "2657"]
[BlackElo "2478"]
[TimeControl "180+1"]
[EndTime "8:39:38 PDT"]
[Termination "RandomNoob04 won by resignation"]

1. e4 c5 2. d4 cxd4 3. c3 Nf6 4. e5 Nd5 5. Nf3 Nc6 6. Bc4 Nb6 7. Bb3 d5 8. exd6 e6 9. cxd4 Bxd6 10. O-O Nb4 11.
Nc3 Bd7 12. Bg5 Qb8 13. Ne4 O-O 14. Nxd6 Qxd6 15. Bh4 Bb5 16. Re1 Nd3 17. Re2 Nf4 18. Re5 Bc6 19. Bg3 Ng6 20. Rxe6 Qd7 21. Rd6 Qe7 22. Qd3 Rfe8 23. Ne5 Qxd6 24. Bxf7+ Kh8 25. Nxg6+ Qxg6 26. Bxg6 hxg6 27. Qxg6 Rad8 28. Be5 Re7 29. f3 Nc4 30. Re1 Rde8 31. Bxg7+ Kg8 32. Bf6+ Kf8 33.
Bxe7+ Rxe7 34. Rxe7 Kxe7 35. h4 1-0

[Event "Early-Titled-Tuesday-Blitz-April-23-2024"]
[Site "Chess.com"]
[Date "2024.04.23"]
[Round "4"]
[White "jefferyx"]
[Black "GMKrikor"]
[Result "1/2-1/2"]
[WhiteElo "3106"]
[BlackElo "2894"]
[TimeControl "180+1"]
[EndTime "8:39:39 PDT"]
[Termination "Game drawn by repetition"]

1. d4 Nf6 2. c4 g6 3. Nc3 d5 4. cxd5 Nxd5 5. Bd2 c5 6. dxc5 Bg7 7. Qc1 O-O 8. Nf3 Nc6 9. Bh6 Qa5 10. Bxg7 Kxg7 11. a3 Qxc5 12. Nxd5 Qxd5 13. Qc3+ Kg8 14. e3 Bg4 15. Be2 Rac8 16. h3 Be6 17. b4 Rfd8 18.
O-O Qb3 19. Qxb3 Bxb3 20. Rfc1 Bd5 21. Kf1 Kf8 22. Ke1 h6 23. Rc5 e6 24. Rac1 Ne7 25. g4 Rxc5 26. Rxc5 Rc8 27. Ne5 Ke8 28. Bb5+ Kf8 29.
Nd7+ Kg7 30. Ke2 Rxc5 31. Nxc5 b6 32. Nd3 g5 33. f3 Ng6 34. a4 Kf6 35. Be8 Ke7 36.
Bb5 Kd6 37. Be8 Ke7 38. Bb5 Kd6 39. Be8 Ke7 1/2-1/2

[Event "Early-Titled-Tuesday-Blitz-April-23-2024"]
[Site "Chess.com"]
[Date "2024.04.23"]
[Round "4"]
[White "Javadovvv"]
[Black "Nechitaylo_Nikita"]
[Result "1/2-1/2"]
[WhiteElo "2653"]
[BlackElo "2334"]
[TimeControl "180+1"]
[EndTime "8:39:39 PDT"]
[Termination "Game drawn by repetition"]

1. d4 Nf6 2. Nf3 e6 3. Bf4 d5 4.
e3 Bd6 5. Bg3 O-O 6. Nbd2 c5 7.
c3 Qc7 8. Bd3 Nbd7 9. O-O e5 10.
dxe5 Nxe5 11. Be2 Be6 12. Nxe5 Bxe5 13. Nf3 Bxg3 14. hxg3 Qe7 15. Qc2 Rfd8 16. Rad1 Ng4 17. c4 dxc4 18. Bxc4 Bxc4 19. Qxc4 Ne5 20. Nxe5 Qxe5 21.
Qb5 b6 22. Qb3 Qe7 23. Qa4 Qf6 24. b3 a6 25. Qc4 h6 26. Qe2 b5 27. Qh5 Rac8 28. Rxd8+ Qxd8 29. Rd1 Qe7 30. Qf5 Rc7 31. Rd5 c4 32. Re5 Qd7 33. Qe4 Rc8 34. bxc4 bxc4 35. Re7 Qd1+ 36. Kh2 Qh5+ 37. Kg1 Qd1+ 38. Kh2 Qh5+ 39. Kg1 c3 40. g4 Qg6 41. Re8+ Rxe8 42. Qxe8+ Kh7 43. Qc8 Qd3 44. Kh2 c2 45. f3 Qd2 46.
Qf5+ Kg8 47. Qc8+ Kh7 48. Qf5+ Kg8 49. Qc8+ Kh7 1/2-1/2

[Event "Early-Titled-Tuesday-Blitz-April-23-2024"]
[Site "Chess.com"]
[Date "2024.04.23"]
[Round "4"]
[White "michaelq2d5"]
[Black "bangchess21"]
[Result "1-0"]
[WhiteElo "2936"]
[BlackElo "2786"]
[TimeControl "180+1"]
[EndTime "8:39:40 PDT"]
[Termination "michaelq2d5 won by checkmate"]

1. d4 g6 2. c4 Bg7 3. Nc3 d6 4. e4 b6 5. Nf3 Bb7 6. Be2 Nd7 7.
O-O e6 8. Be3 h6 9. Qd2 Ne7 10. b4 f5 11. exf5 Nxf5 12. Rae1 O-O 13. d5 e5 14. Bd3 Nf6 15. Bxf5 gxf5 16. Bxh6 f4 17. Bg5 Qe8 18. Bxf4 Qg6 19. Bg3 Qg4 20.
Qe2 Ba6 21. Nd2 Qd4 22. Rc1 Bh6 23. Rfd1 Bxd2 24. Rxd2 Qxc4 25. Qxc4 Bxc4 26. Bh4 Nd7 27. a4 a6 28. f3 b5 29. a5 Kg7 30. Ne4 Kg6 31. Rdc2 Rf7 32. Ng5 Rf4 33. g3 Rd4 34. Ne6 Rd3 35. Rc3 Rd2 36. Nxc7 Ra7 37. Ne6 Bxd5 38.
Ng5 Bc4 39. Ne4 Rb2 40. Nxd6 Be6 41. Rc6 Rxb4 42. Nc8 Ra8 43. Rxe6+ Kf5 44. Rd6 Rc4 45. Ne7# 1-0

[Event "Early-Titled-Tuesday-Blitz-April-23-2024"]
[Site "Chess.com"]
[Date "2024.04.23"]
[Round "4"]
[White "JSPrepz"]
[Black "AlexanderKing"]
[Result "1-0"]
[WhiteElo "2808"]
[BlackElo "2585"]
[TimeControl "180+1"]
[EndTime "8:39:40 PDT"]
[Termination "JSPrepz won on time"]

1. e4 c5 2. Nf3 e6 3. b4 cxb4 4. a3 d5 5. e5 Nc6 6. d4 Bd7 7. axb4 Bxb4+ 8. c3 Ba5 9. Bd3 Nge7 10. O-O Nf5 11.
Ba3 a6 12. Re1 h6 13. Qc2 Nfxd4 14. cxd4 Nxd4 15. Nxd4 Bxe1 16. Nc3 Bxc3 17. Qxc3 f5 18. Qc5 Kf7 19. Qd6 Re8 20. h4 Rc8 21. Rb1 Bc6 22.
Nxc6 bxc6 23. Rb7+ Kg8 24. Qc5 Qxh4 25. Qa7 Qg4 26. Be2 Qg5 27. Bh5 Rf8 28. Bf7+ Kh8 29. Bxf8 Rxf8 30. Bxe6 Qc1+ 31. Kh2 Qf4+ 32. g3 Qxe5 33.
Rf7 1-0

[Event "Early-Titled-Tuesday-Blitz-April-23-2024"]
[Site "Chess.com"]
[Date "2024.04.23"]
[Round "4"]
[White "profedechess93"]
[Black "Jojo_898"]
[Result "1-0"]
[WhiteElo "2677"]
[BlackElo "2441"]
[TimeControl "180+1"]
[EndTime "8:39:40 PDT"]
[Termination "profedechess93 won by resignation"]

1. e4 d6 2. d4 Nf6 3. Nc3 g6 4.
f3 c6 5. Be3 b5 6. Qd2 h5 7. a4 b4 8. Na2 a5 9. c3 bxc3 10.
Nxc3 Bg7 11. Bc4 O-O 12. Nge2 d5 13. Ba2 dxe4 14. fxe4 Ng4 15. O-O Nxe3 16. Qxe3 Na6 17. Rad1 Nb4 18. Bb3 Ba6 19. Kh1 e6 20. Rf3 Rb8 21.
Nf4 Qd7 22. Rg3 Kh7 23. Qf3 Nd3 24. Rxd3 Rxb3 25. Rd2 Kg8 26. e5 c5 27. Qd1 Rd8 28.
Qxb3 cxd4 29. Ne4 Bxe5 30. Nxh5 Bxg3 31. Nhf6+ 1-0

[Event "Early-Titled-Tuesday-Blitz-April-23-2024"]
[Site "Chess.com"]
[Date "2024.04.23"]
[Round "4"]
[White "VirtualCoach"]
[Black "ReinisUz"]
[Result "0-1"]
[WhiteElo "2002"]
[BlackElo "2461"]
[TimeControl "180+1"]
[EndTime "8:39:40 PDT"]
[Termination "ReinisUz won by resignation"]

1. Nf3 c5 2. b3 Nc6 3. Bb2 Nf6 4. g3 g6 5. Bg2 Bg7 6. c4 O-O 7. O-O d6 8. d4 Ne4 9. Nbd2 Bf5 10. Nxe4 Bxe4 11.
e3 Qd7 12. Qd2 cxd4 13. exd4 d5 14. Rad1 Rad8 15. Ne5 Nxe5 16. dxe5 Bxg2 17. Kxg2 d4 18. Qxd4 Qc6+ 19. Qd5 Rxd5 20. cxd5 Qd7 21. Rfe1 Rc8 22. Rd2 Bh6 23. f4 Bg7 24. Red1 a5 25. h3 a4 26. b4 Qb5 27. a3 Qc4 28. Kh2 Qb3 29. Bd4 Qxa3 30.
Bc5 Bf8 31. d6 exd6 32. exd6 Rd8 33. Bb6 Rd7 34. Bc5 Qc3 35. Rd5 a3 36. R1d3 Qc2+ 37.
Rd2 Qc4 38. R2d4 Qe2+ 39. Kh1 a2 40. Rd1 a1=Q 41. Rxa1 Qf3+ 42. Kh2 Qxd5 0-1

[Event "Early-Titled-Tuesday-Blitz-April-23-2024"]
[Site "Chess.com"]
[Date "2024.04.23"]
[Round "4"]
[White "eagleclaw07"]
[Black "Polish_fighter3000"]
[Result "0-1"]
[WhiteElo "2882"]
[BlackElo "3110"]
[TimeControl "180+1"]
[EndTime "8:39:41 PDT"]
[Termination "Polish_fighter3000 won by resignation"]

1. d4 Nf6 2. c4 g6 3. g3 Bg7 4. Bg2 d5 5. cxd5 Nxd5 6. Nf3 O-O 7. O-O Nc6 8. e4 Nb6 9. d5 Na5 10. Qc2 c6 11. Bd2 Nac4 12. Bc3 cxd5 13. Bxg7 Kxg7 14.
exd5 Qxd5 15. Nc3 Qf5 16. Qe2 Qe6 17. Qc2 Qf6 18. Rfe1 Bf5 19. Qb3 Rfd8 20. Qb4 Rac8 21. a4 Nxb2 22. Qxb2 Qxc3 23. Qxc3+ Rxc3 24. Rxe7 Rd7 25. Rxd7 Bxd7 26. a5 Nc4 27. Nd4 Nxa5 28. h4 b6 29. Re1 Rd3 30. Nf3 Nc6 31. Ng5 h6 32. Ne4 Nd4 33. Ra1 a5 34. Rb1 Rb3 35. Rd1 Rb4 36. Nc3 Bg4 37. Rd3 Ne2+ 38. Nxe2 Bxe2 39. Rd7 Bc4 40. Ra7 a4 41. Bc6 b5 42. Ra5 Rb3 43. Kg2 a3 44. Ra7 b4 45. Ra5 Rc3 46. Be4 a2 47.
Ra7 b3 0-1

[Event "Early-Titled-Tuesday-Blitz-April-23-2024"]
[Site "Chess.com"]
[Date "2024.04.23"]
[Round "4"]
[White "toninhojit"]
[Black "ubdip"]
[Result "1-0"]
[WhiteElo "2560"]
[BlackElo "2367"]
[TimeControl "180+1"]
[EndTime "8:39:41 PDT"]
[Termination "toninhojit won by resignation"]

1. d4 d5 2. c4 e6 3. Nc3 Nf6 4.
Nf3 Be7 5. Bf4 c6 6. e3 Nbd7 7. Be2 h6 8. O-O O-O 9. h3 Ne4 10. Nxe4 dxe4 11. Nd2 f5 12. f3 exf3 13. Bxf3 Bf6 14. Bd6 Be7 15. Bh2 Bg5 16. Re1 Bh4 17.
Re2 Qe7 18. c5 Kh8 19. Bd6 Qe8 20. Bxf8 Qxf8 21. Nc4 Nf6 22. Nd6 Bg3 23. Nc4 Bd7 24.
e4 Be8 25. e5 Nd5 26. Nd6 Nf4 27. Rd2 Qe7 28. Qf1 Qg5 29. Rdd1 Kh7 30. Kh1 Bh5 31.
Bxh5 Nxh5 32. Qf3 Bf4 33. g4 Ng3+ 34. Kg2 Rf8 35. Rf1 fxg4 36. Qxg4 Qxg4 37. hxg4 Ne2 38. Rad1 g5 39. Rf3 h5 40. gxh5 Kh6 41. Ne4 g4 42. Rf2 Kxh5 43. Rxe2 Rh8 44. Rh1+ Kg6 45. Rxh8 1-0

[Event "Early-Titled-Tuesday-Blitz-April-23-2024"]
[Site "Chess.com"]
[Date "2024.04.23"]
[Round "4"]
[White "Hamisandwich"]
[Black "kacperkarwowski"]
[Result "1-0"]
[WhiteElo "2724"]
[BlackElo "2507"]
[TimeControl "180+1"]
[EndTime "8:39:42 PDT"]
[Termination "Hamisandwich won on time"]

1. a3 h6 2. c4 d6 3. d4 c6 4. Nc3 Nd7 5. g3 g5 6. e4 Bg7 7.
Be3 Nf8 8. h4 g4 9. h5 e5 10. d5 f5 11. dxc6 bxc6 12. Qa4 Qc7 13. c5 dxc5 14. exf5 Bxf5 15. Bg2 Bd7 16. Ne4 Ne6 17.
Nxc5 Nxc5 18. Bxc5 Nf6 19. Ne2 Kf7 20. Rd1 Nd5 21. O-O Be6 22. f3 gxf3 23. Bxf3 Bf6 24. Bg4 Rhg8 25. Bxe6+ Kxe6 26. Qe4 Kf7 27. Rf5 Rg7 28.
Rxd5 Rag8 29. Rd6 1-0

[Event "Early-Titled-Tuesday-Blitz-April-23-2024"]
[Site "Chess.com"]
[Date "2024.04.23"]
[Round "4"]
[White "rikchessmx"]
[Black "Dr_Pepper18"]
[Result "1-0"]
[WhiteElo "2256"]
[BlackElo "2463"]
[TimeControl "180+1"]
[EndTime "8:39:43 PDT"]
[Termination "rikchessmx won by resignation"]

1. e4 c5 2. Nf3 d6 3. d4 cxd4 4. Nxd4 Nf6 5. Nc3 a6 6. f4 e5 7. Nf3 Nbd7 8. Bd3 Be7 9. O-O O-O 10. Kh1 b5 11. a3 Bb7 12. Qe1 Re8 13. fxe5 dxe5 14.
Bg5 h6 15. Be3 Bc5 16. Bxc5 Nxc5 17. Rd1 Qb6 18. Nh4 b4 19. axb4 Qxb4 20. Rxf6 gxf6 21. Nf5 Ne6 22. Qh4 Qf8 23. Nxh6+ Kh7 24. Ng4+ Kg8 25. Nxf6+ Kg7 26. Nh5+ Kg8 27. Nd5 Bxd5 28. exd5 Nf4 29. Nf6+ Kg7 30. Qg5+ Ng6 31. Nxe8+ Rxe8 32. Rf1 e4 33.
Qf6+ Kg8 34. Bc4 Qg7 35. d6 Qxf6 36. Rxf6 Ne5 37. Bxa6 Kg7 38. Rf1 Rd8 39. Rd1 Ng4 40. Kg1 Ne3 41. Rd2 Nf5 42. d7 e3 43. Rd5 Kf6 44.
Kf1 Ne7 45. Rd3 Nc6 46. Bc8 Na7 47. Rc3 Nb5 48. Rc6+ Nd6 49. Rxd6+ 1-0

[Event "Early-Titled-Tuesday-Blitz-April-23-2024"]
[Site "Chess.com"]
[Date "2024.04.23"]
[Round "4"]
[White "The_Machine04"]
[Black "lioni26"]
[Result "1-0"]
[WhiteElo "2754"]
[BlackElo "2556"]
[TimeControl "180+1"]
[EndTime "8:39:44 PDT"]
[Termination "The_Machine04 won on time"]

1. d4 d5 2. Nf3 Nf6 3. e3 c6 4. Nbd2 Bf5 5. Ne5 h6 6. Bd3 Bxd3 7. cxd3 e6 8. f4 Nbd7 9. O-O Be7 10. Qf3 O-O 11. g4 Ne8 12. Qh3 c5 13. dxc5 Nxc5 14.
Ndf3 Nd6 15. Bd2 Rc8 16. g5 hxg5 17. fxg5 g6 18. Bc3 Na4 19. Nc6 Nxc3 20. Nxd8 Ne2+ 21. Kf2 Rc2 22. Ke1 Nf5 23. a3 Rxd8 24. Rf2 Rdc8 25. Rxe2 Rxe2+ 26. Kxe2 Rc2+ 27. Kf1 Nxe3+ 28. Kg1 Bc5 29.
d4 Bb6 30. Re1 Nc4 31. b3 1-0

[Event "Early-Titled-Tuesday-Blitz-April-23-2024"]
[Site "Chess.com"]
[Date "2024.04.23"]
[Round "4"]
[White "Bogdan_Bodnar"]
[Black "zverr1"]
[Result "0-1"]
[WhiteElo "2237"]
[BlackElo "2489"]
[TimeControl "180+1"]
[EndTime "8:39:44 PDT"]
[Termination "zverr1 won on time"]

1. c4 c5 2. Nc3 g6 3. g3 Nc6 4.
Bg2 Bg7 5. e4 e5 6. Nge2 Nge7 7.
O-O O-O 8. d3 d6 9. f4 f5 10. h3 Nd4 11. Kh2 Kh8 12. Be3 Nec6 13. Bxd4 Nxd4 14. Rb1 a5 15. exf5 Nxf5 16. Qd2 Rb8 17.
Nd5 Be6 18. Ne3 Nd4 19. Nxd4 exd4 20. Nd5 b5 21. b3 Re8 22. Rfe1 b4 23. Re2 Bf5 24.
Rbe1 Rxe2 25. Qxe2 h5 26. Be4 Qd7 27. Bxf5 Qxf5 28.
Qe4 a4 29. Qxf5 gxf5 30. Ne7 axb3 31. axb3 Ra8 32. Nxf5 Ra2+ 33. Kg1 Bf8 34. Re8 Kg8 35. Nxd6 Rb2 36. Ne4 Kf7 37. Rc8 Rxb3 38. Nxc5 Bxc5 39.
Rxc5 Rxd3 40. Kf2 Rc3 41. g4 h4 42. Kg2 Rg3+ 43. Kh2 b3 44. Rb5 Rc3 45. g5 Rc2+ 46. Kg1 b2 0-1

[Event "Early-Titled-Tuesday-Blitz-April-23-2024"]
[Site "Chess.com"]
[Date "2024.04.23"]
[Round "4"]
[White "Rodalquilar"]
[Black "ninguno46"]
[Result "1-0"]
[WhiteElo "2733"]
[BlackElo "2528"]
[TimeControl "180+1"]
[EndTime "8:39:45 PDT"]
[Termination "Rodalquilar won on time"]

1. d4 Nf6 2. Nf3 e6 3. Bf4 b6 4. e3 Bb7 5. Nbd2 Be7 6. h3 O-O 7. Bd3 c5 8. c3 cxd4 9. exd4 d6 10. O-O Nbd7 11. Bh2 Qc7 12. a4 a6 13. Nc4 Rfe8 14. Ne3 Bf8 15. Nd2 e5 16. Re1 g6 17. Rc1 Bg7 18.
Qb3 Rac8 19. Bc4 Re7 20. Nd5 Bxd5 21. Bxd5 Nxd5 22. Qxd5 Nf6 23. Qb3 exd4 24. Rxe7 Qxe7 25. Qxb6 dxc3 26. bxc3 Bh6 27. f4 Nd5 28. Qd4 Nxc3 29.
Kh1 Bg7 30. Qd3 Re8 31. Rxc3 Qe1+ 32. Bg1 Bxc3 33. Qxc3 h5 34. Qd3 1-0

[Event "Early-Titled-Tuesday-Blitz-April-23-2024"]
[Site "Chess.com"]
[Date "2024.04.23"]
[Round "4"]
[White "Herzog2012"]
[Black "wqws"]
[Result "1-0"]
[WhiteElo "2556"]
[BlackElo "2710"]
[TimeControl "180+1"]
[EndTime "8:39:46 PDT"]
[Termination "Herzog2012 won by resignation"]

1. e4 e5 2. Nf3 Nc6 3. d4 exd4 4.
Nxd4 Nf6 5. Nxc6 bxc6 6. e5 Qe7 7. Qe2 Nd5 8. h4 a5 9. c4 Ba6 10. Nd2 Nb6 11. b3 g6 12. Bb2 Bg7 13. g3 a4 14. Bg2 O-O 15. O-O a3 16. Bc3 Nd5 17. Bd4 Nb4 18. Qe4 c5 19. Bc3 Rab8 20. f4 Bb7 21. Qe2 Bxg2 22. Kxg2 d5 23. Bxb4 Rxb4 24. cxd5 Rd4 25. Nc4 Rxd5 26. Rad1 Rfd8 27. Nxa3 Qe6 28. Nc4 Rd4 29. Rxd4 cxd4 30. Qd3 c5 31. Nd6 Qd5+ 32. Qf3 Qxf3+ 33. Kxf3 Bf8 34. Nc4 Be7 35. Ke4 f5+ 36.
Kd3 Kf7 37. a4 Ke6 38. a5 Rb8 39. Kc2 Kd5 40. a6 Bd8 41. Ra1 Ra8 42. a7 Kc6 43. b4 cxb4 44. Kb3 Kb7 45. Nd6+ Kc6 46. Kxb4 Kd5 47. Kb5 d3 48. Ka6 d2 49. Rd1 Rxa7+ 50. Kxa7 Ba5 51. Ka6 Bc3 52. Kb5 Kd4 53. e6 Kd3 54. e7 Kc2 55. Rxd2+ Bxd2 56. e8=Q Bc3 57. Kc4 Bd2 58. Qe2 Kc1 59. Kb3 h5 60. Nc4 1-0